AoeStats
← DarkFace835823

MegaRandom

510333522Analyzed
2v2 RM · 2d ago on Sep 30, 2026· 46m 39s· 4 players
Game mode
Random Map
Map size
Medium (4 player)
Population
200
Speed
Normal
Resources
Standard
Victory
Conquest
Starting age
Dark Age
Ending age
Imperial Age
RankedLock teamsTeams togetherTeam positionsShared explorationLock speedFull tech treeHidden civsTurbo modeCheats
Victory
Defeat
🇩🇪 Tatars · Germany
732
+18
🇷🇺 Burgundians · Russia
727
+18
🇫🇷 Italians · France
790
-18
🇫🇷 Persians · France
769
-18
Official-Spyro
4:58 Loom
13:36 Feudal Age
14:02 Horse Collar
18:12 Fletching
18:22 Padded Archer Armor
23:11 Castle Age
23:57 Bodkin Arrow
28:42 Leather Archer Armor
29:20 Ballistics
30:14 Double-Bit Axe
31:11 Wheelbarrow
30:21 Town Watch
30:47 Treadmill Crane
31:46 Heavy Plow
33:30 Forging
33:26 Scale Barding Armor
34:04 Bow Saw
34:30 Silk Armor
35:25 Bloodlines
35:16 Husbandry
39:44 Imperial Age
37:35 Fortified Wall
39:45 Heavy Cavalry Archer
41:04 Ring Archer Armor
40:36 Bracer
41:49 Ring Archer Armor
42:55 Chemistry
41:58 Murder Holes
42:39 Timurid Siegecraft
43:20 Siege Engineers
43:12 Murder Holes
45:05 Iron Casting
44:50 Chain Barding Armor
43:55 Heavy Camel Rider
47:32 Blast Furnace
47:25 Plate Barding Armor
Smart_ass
11:22 Feudal Age
11:54 Double-Bit Axe
11:51 Horse Collar
18:54 Castle Age
17:23 Stone Mining
17:48 Bow Saw
19:14 Heavy Plow
20:30 Husbandry
20:40 Scale Barding Armor
20:46 Forging
21:37 Cavalier
22:49 Gold Mining
30:17 Squires
30:03 Arson
31:22 Wheelbarrow
35:54 Imperial Age
37:48 Two-Man Saw
37:59 Chain Barding Armor
38:15 Iron Casting
38:57 Gold Shaft Mining
39:18 Man-at-Arms
40:43 Pikeman
41:31 Halberdier
41:40 Paladin
43:12 Hand Cart
46:54 Town Watch
D4RKCR3T1
12:07 Feudal Age
12:37 Double-Bit Axe
16:21 Horse Collar
24:04 Castle Age
23:31 Fletching
23:52 Forging
25:25 Thumb Ring
24:41 Crossbowman
26:11 Bow Saw
26:49 Heavy Plow
26:29 Pikeman
27:11 Squires
28:12 Bodkin Arrow
28:18 Padded Archer Armor
34:03 Silk Road
34:19 Fortified Wall
35:19 Caravan
37:35 Elite Skirmisher
38:39 Ballistics
38:15 Murder Holes
42:37 Imperial Age
43:48 Conscription
DarkFace835823
15:33 Feudal Age
16:12 Double-Bit Axe
16:49 Fishing Lines
17:48 Horse Collar
21:56 Castle Age
25:46 Gold Mining
25:47 Stone Mining
29:46 Husbandry
33:06 Bow Saw
33:25 Scale Barding Armor
42:40 Imperial Age
44:01 Elite Skirmisher
45:01 Fletching
Connection lost

Rejoining the realm…

Still unreachable

The connection could not be restored.

Session expired

The server has moved on; the page needs a fresh start.